 Dungeon Crawl Stone Soup version 0.20-a0-1000-g0e8f6bb (console) character file.

2027 vuev the Cleaver (level 9, -5/81 HPs)
             Began as a Gargoyle Fighter on Apr 12, 2017.
             Slain by an orc warrior
             ... wielding a +0 trident
              (8 damage)
             ... on level 7 of the Dungeon.
             The game lasted 00:08:43 (7560 turns).

vuev the Cleaver (Gargoyle Fighter)                 Turns: 7560, Time: 00:08:43

Health: -5/81      AC: 24    Str: 25    XL:     9   Next: 23%
Magic:  9/9        EV:  2    Int:  9    God:
Gold:   358        SH: 10    Dex: 12    Spells: 8/8 levels left

rFire    . . .     SeeInvis +   a - +0 war axe
rCold    . . .     Gourm    +   c - +0 shield
rNeg     + + +     Faith    .   (armour currently unavailable)
rPois    ∞         Spirit   .   (helmet currently unavailable)
rElec    .         Reflect  .   (cloak currently unavailable)
rCorr    .         Harm     .   (gloves currently unavailable)
MR       +....     NoTele   +   (boots currently unavailable)
Stlth    +.........             v - amulet of the gourmand
Regen    0.3/turn               e - ring of see invisible
MPRegen  0.2/turn               F - ring of protection from magic

@: mighty, tree-form
A: negative energy resistance 1, petrification resistance, rot immunity, AC +5
a: no special abilities


You were on level 7 of the Dungeon.
You were completely stuffed.
You were a tree.
You visited 1 branch of the dungeon, and saw 7 of its levels.

You collected 358 gold pieces.

Inventory:

Hand Weapons
 a - a +0 war axe (weapon)
Missiles
 h - 3 javelins (quivered)
Armour
 c - a +0 shield (worn)
 d - a +0 cloak (melded)
 n - a +0 ring mail (melded)
 y - the +0 helmet of Love and Death (melded) {rN++}
   (You took it off Robin on level 3 of the Dungeon)

   It greatly protects you from negative energy.
 L - a +0 pair of boots (melded)
Jewellery
 e - a ring of see invisible (left branch)
 v - an amulet of the gourmand (around neck)
 F - a ring of protection from magic (right branch)
 M - an uncursed ring of wizardry {unknown}
Wands
 o - a wand of flame (11/48)
 w - a wand of random effects (24/48)
 x - a wand of acid (1/15)
 E - a wand of iceblast (6/15)
 I - a wand of flame (36/48)
Scrolls
 b - a scroll of enchant armour {unknown}
 j - 2 scrolls of fog {unknown}
 k - 4 scrolls of remove curse {unknown}
 m - 3 scrolls of noise {unknown}
 r - a scroll of recharging {unknown}
 s - 3 scrolls of amnesia {unknown}
 t - 4 scrolls of identify {unknown}
 u - 4 scrolls of teleportation {unknown}
 D - a scroll of blinking {unknown}
 H - a scroll of fear {unknown}
Potions
 i - a potion of berserk rage {unknown}
 q - a potion of lignification
 z - a potion of degeneration {unknown}
 A - a potion of ambrosia {unknown}
 C - a potion of heal wounds {unknown}
 G - a potion of invisibility {unknown}
 J - a potion of agility {unknown}
 K - a potion of flight {unknown}
Comestibles
 f - 2 bread rations
 g - 6 royal jellies
 l - 2 meat rations
 p - 4 fruits


   Skills:
 + Level 5.5 Fighting
 * Level 9.6 Axes
 + Level 5.4 Armour
 - Level 3.2 Shields


You had 8 spell levels left.
You didn't know any spells.

Dungeon Overview and Level Annotations

Branches:
Dungeon (7/15)             Temple (0/1) D:6

Altars:
Elyvilon

Shops:
D:4 %   D:5 (   D:6 *


Innate Abilities, Weirdness & Mutations

You are resistant to torment.
((Your stone body is resilient. (AC +5)))
You are immune to poison.
You resist negative energy. (rN+)
((You are resistant to electric shocks. (rElec)))
((You can survive without breathing.))
You are immune to petrification.
You are immune to rotting.


Message History

Unknown command.
You feel very mighty all of a sudden.
The orc wizard hits you but does no damage.
The orc warrior hits you with a trident!
* * * LOW HITPOINT WARNING * * *
The orc wizard hits you but does no damage.
Unknown command.
It was a potion of lignification.
You turn into a tree.
Your +0 cloak melds into your body.
The +0 helmet of Love and Death {rN++} melds into your body.
Your +0 pair of boots melds into your body.
Your +0 ring mail melds into your body.
Your roots penetrate the ground.
The orc wizard gestures at you while chanting.
The magic dart hits you! You block the orc warrior's attack.
You slash the orc warrior!
The orc warrior is moderately wounded.
You closely miss the orc wizard. The orc wizard hits you with a dagger.
* * * LOW HITPOINT WARNING * * *
The orc warrior hits you with a trident!
You die...

#..............# ....
#..............# ...
##.>...........# (.####
#.........#...# .c....
########......# ##....
###....# ####..#
##...######...(#
##..#........##
##o♣o..((.(.#
#.(.####...#
#)######...#
##.)(.......##
##.÷).........#
#...).........##
#.....#)..(....##
#......#.........## #
#......###.........###.


You could see an orc warrior and an orc wizard.

Vanquished Creatures
  Menkaure (D:6)
  A water moccasin (D:6)
  A sky beast (D:7)
  An ogre (D:4)
  A phantom (D:6)
  3 centaurs
  2 bullfrogs (D:6)
  A scorpion (D:5)
  A killer bee (D:6)
  A crimson imp (D:5)
  Crazy Yiuf (D:2)
  3 jellies
  6 orc priests
  A bullfrog skeleton (D:6)
  3 hounds
  4 orc wizards
  Ijyb (D:3)
  3 iguanas
  Natasha (thrice) (D:2)
  4 worker ants
  A hound zombie (D:6)
  Robin (D:3)
  3 gnolls (D:4)
  9 adders
  3 oozes
  2 worms
  2 dart slugs
  A leopard gecko (D:1)
  24 orcs
  8 giant cockroaches
  12 goblins
  7 hobgoblins
  9 jackals
  4 kobolds
  2 quokkas
  A ball python (D:3)
  6 bats
  5 frilled lizards
  A leopard gecko zombie (D:5)
  7 rats
150 creatures vanquished.

Notes
Turn   | Place    | Note
-------+----------+-------------------------------------------
     0 | D:1      | vuev the Gargoyle Fighter began the quest for the Orb.
     0 | D:1      | Reached XP level 1. HP: 14/14 MP: 1/1
    99 | D:1      | Reached XP level 2. HP: 19/19 MP: 2/2
   109 | D:1      | Reached skill level 2 in Axes
   816 | D:2      | Noticed Natasha
   836 | D:2      | Noticed a crimson imp
   836 | D:2      | Reached XP level 3. HP: 23/24 MP: 3/3
   851 | D:2      | Killed Natasha
  1021 | D:2      | Reached XP level 4. HP: 25/29 MP: 4/4
  1111 | D:2      | Reached skill level 3 in Axes
  1329 | D:2      | Noticed Natasha
  1355 | D:2      | Killed Natasha
  1377 | D:2      | Noticed Natasha
  1396 | D:2      | Killed Natasha
  1396 | D:2      | Reached XP level 5. HP: 4/33 MP: 5/5
  1847 | D:2      | Found a runed door.
  2189 | D:2      | Noticed Crazy Yiuf
  2197 | D:2      | Killed Crazy Yiuf
  2197 | D:2      | Reached skill level 4 in Axes
  2775 | D:3      | Reached XP level 6. HP: 38/38 MP: 6/6
  2982 | D:3      | Noticed Robin
  2996 | D:3      | Killed Robin
  2996 | D:3      | Reached skill level 5 in Axes
  3005 | D:3      | Got a twisted helmet
  3011 | D:3      | Identified the +0 helmet of Love and Death {rN++} (You took it off Robin on level 3 of the Dungeon)
  3191 | D:3      | Noticed Ijyb
  3209 | D:3      | Killed Ijyb
  4030 | D:4      | Reached XP level 7. HP: 36/43 MP: 7/7
  4280 | D:4      | Found a white marble altar of Elyvilon.
  4353 | D:4      | Reached skill level 6 in Axes
  4470 | D:4      | Found Zasogec's Food Boutique.
  4701 | D:5      | Entered Level 5 of the Dungeon
  4931 | D:5      | Reached skill level 7 in Axes
  5097 | D:5      | Found Utanlacom's Weapon Shoppe.
  5144 | D:5      | Reached XP level 8. HP: 48/48 MP: 8/8
  5659 | D:6      | Noticed Menkaure
  5669 | D:6      | Killed Menkaure
  5975 | D:6      | Found a staircase to the Ecumenical Temple.
  6025 | D:6      | Reached skill level 5 in Armour
  6145 | D:6      | Reached skill level 5 in Fighting
  6145 | D:6      | Reached skill level 8 in Axes
  6561 | D:6      | Found Vyesh's Serpentskin Sales.
  6957 | D:6      | Reached skill level 9 in Axes
  6957 | D:6      | Reached XP level 9. HP: 47/54 MP: 9/9
  7558 | D:7      | HP: 2/54 [orc warrior/trident (13)]
  7560 | D:7      | Slain by an orc warrior

Vault maps used:
D:1:      lemuel_arrival_river_ford
D:2:      uniq_natasha, uniq_crazy_yiuf_cottage
D:3:      uniq_robin, uniq_iyjb
D:4:      elyvilon_altar_1, serial_shops, shop, first_bread
D:5:      serial_shops, nicolae_shop_trees
D:6:      minmay_temple_entry_from_below_a, guppyfry_shop_venom, uniq_menkaure
D:7:      uniq_pikel

Skill      XL: |  1  2  3  4  5  6  7  8 |
---------------+-------------------------+-----
Axes           | 2 3 4 5 7 9 |  9.6
Armour         | 4 5 |  5.4
Fighting       | 4 5 |  5.5
Shields        | |  3.2

Action                   |  1- 3 |  4- 6 |  7- 9 || total
-------------------------+-------+-------+-------++-------
Melee: War axe           |   102 |   214 |   289 ||   605
  Use: Potion            |       |     1 |     2 ||     3
  Eat: Chunk             |     1 |    19 |    12 ||    32
Armor: Scale mail        |    50 |       |       ||    50
       Ring mail         |       |    88 |   151 ||   239
       Skin              |       |       |     1 ||     1
Dodge: Dodged            |    36 |    76 |    87 ||   199
Block: Shield            |    59 |   106 |   127 ||   292
